 Dungeon Crawl Stone Soup version 0.31-a0-246-g8cbcc1cb85 (webtiles) character file.

Game seed: 1133178998407998755

14948 qw the Marksgargoyle (level 12, -1/77 HPs)
             Began as a Gargoyle Hexslinger on July 12, 2023.
             Was a Priest of Okawaru.
             Slain by a wolf (3 damage)
             ... on level 2 of the Lair of Beasts.
             The game lasted 00:04:45 (11722 turns).

qw the Marksgargoyle (Gargoyle Hexslinger)         Turns: 11722, Time: 00:04:45

Health: -1/77      AC: 23    Str: 10    XL:     12   Next: 21%
Magic:  15/16      EV: 14    Int: 15    God:    Okawaru [***...]
Gold:   463        SH:  0    Dex: 16    Spells: 12/13 levels left

rFire   + . .        d - +0 triple crossbow
rCold   . . .        (shield currently unavailable)
rNeg    + . .        e - quicksilver dragon scales
rPois   inf          (no helmet)
rElec   +            (no cloak)
rCorr   .            i - +0 pair of gloves
SInv    +            (no boots)
Will    ++...        n - amulet of faith
Stlth   ++           o - ring of protection from fire
HPRegen 0.32/turn    (no ring)
MPRegen 0.15/turn

%: faith
@: about to teleport, heroic
A: sickness immunity, AC +8, negative energy resistance 1, electricity
resistance, torment resistance 1, petrification resistance, see invisible,
strong-willed 1, weak 1, subdued magic 1
a: Renounce Religion, Heroism


You were on level 2 of the Lair of Beasts.
You worshipped Okawaru.
Okawaru was most pleased with you.
You visited 2 branches of the dungeon, and saw 13 of its levels.
You also visited: Sewer.

You collected 463 gold pieces.


Innate Abilities, Weirdness & Mutations

You are immune to sickness and miasma.
Your stone body is resilient. (AC +8)
You are immune to poison.
You resist negative energy. (rN+)
You are resistant to electric shocks. (rElec)
You are resistant to unholy torment.
You are immune to petrification.
You have supernaturally acute eyesight. (SInv)
You are strong-willed. (Will+)
You are weak. (Str -2)
Your spells are a little easier to cast, but a little less powerful.


   Skills:
 - Level 10.1(15.1) Fighting
 - Level 15.0(20.0) Ranged Weapons
 + Level 6.1(11.1) Armour
 - Level 3.0(8.0) Dodging
 - Level 1.0 Spellcasting
 - Level 2.6 Hexes
 - Level 5.8 Invocations


You had 12 spell levels left.
You knew the following spells:

 Your Spells              Type           Power      Damage    Failure   Level
a - Slow                  Hex            24%        N/A       14%         1

Your spell library contained the following spells:

 Spells                   Type           Power      Damage    Failure   Level
 Inner Flame              Hex/Fire       3%         N/A       61%         3
 Portal Projectile        Hex/Tloc       6%         N/A       61%         3
 Cause Fear               Hex            3%         N/A       83%         4

Inventory:

Hand Weapons
 d - a +0 triple crossbow (weapon)
Armour
 b - a +3 leather armour of fire resistance
 e - quicksilver dragon scales (worn)
 i - a +0 pair of gloves (worn)
Jewellery
 j - a ring of fire
 n - an amulet of faith (around neck)
 o - a ring of protection from fire (left hand)
Scrolls
 c - 3 scrolls of identify
 g - 3 scrolls of teleportation
Potions
 a - 4 potions of curing
 f - a potion of resistance
 h - 2 potions of haste
 k - a potion of enlightenment
 l - a potion of might

Dungeon Overview and Level Annotations

Branches:
Dungeon (11/15)            Temple (0/1) D:6            Lair (2/5) D:11
  Sewer (visited)
  Swamp: Lair:2-3    Shoals: Lair:2-3     Snake: Lair:2-3    Spider: Lair:2-3
    Orc: D:9-12

Altars:
Ashenzari
Elyvilon
Gozag
Makhleb
Okawaru
Qazlal

Portals:
Bailey: D:7
Gauntlet: Lair:2

Annotations:
D:4 2 transporters, exclusion: moth of wrath
D:9 4 runed translucent doors
D:11 2 transporters, 1 runed translucent door, qw's ghost, journeyman MiHs


Message History

You kill Harold!
Okawaru is honoured by your kill.
Harold gasps with his last breath, "I wish I had worked less..."
The wolf barely misses you. The wolf bites you but does no damage.
The wolf bites you. The wolf closely misses you. The wolf barely misses you.
The wolf closely misses you. The wolf bites you but does no damage.
The wolf barely misses you. The wolf misses you.
The wolf bites you but does no damage. The wolf barely misses you.
The wolf bites you but does no damage.
You shoot a bolt. The bolt misses the wolf.
The wolf bites you but does no damage. x2; The wolf barely misses you.
The wolf bites you but does no damage. The wolf bites you. x2
The wolf bites you but does no damage.
A cane toad comes into view.
You shoot a bolt. The bolt misses the wolf.
The cane toad croaks.
You hear the loud beating of a drum.
The wolf barely misses you. The wolf misses you. The wolf closely misses you.
The wolf bites you.
The wolf bites you but does no damage. x2
The wolf bites you! The wolf barely misses you.
The wolf bites you but does no damage. x3
11720 ||| READING 4 scrolls of teleportation.
As you read the scroll of teleportation, it crumbles to dust.
You feel strangely unstable. The wolf closely misses you.
The wolf barely misses you. The wolf bites you but does no damage.
The wolf completely misses you.
The wolf closely misses you. x2; The wolf barely misses you.
The wolf bites you. The wolf bites you but does no damage.
You shoot a bolt. The bolt hits the wolf!!
You kill the wolf!
Okawaru accepts your kill.
The wolf bites you but does no damage. x2; The wolf closely misses you.
The wolf misses you. The wolf bites you but does no damage. The wolf bites you.
The wolf bites you but does no damage. x5; The wolf closely misses you.
The wolf barely misses you.
Your base Ranged Weapons skill increases to level 15!
You shoot a bolt. The bolt closely misses the wolf.
The bolt hits the cane toad!
The cane toad is moderately wounded.
The wolf bites you.
You die...

... .... ...# ...###..##
#...# .###
....#P..P####...##.#.#.
.......................
.......................
..................F....
........................
...............hhh\.....
....##..#P##..h@h......
##:..##.####.....#....##
.#...##....#.....# ..##
#....#P..<.#....... ...
.....##.....#....... ...
#...........#...........
##...##............... .
#....#######....##....
.#...# #>.


You could see a cane toad and 5 wolves.

Vanquished Creatures
  Harold (Lair:2)
  2 two-headed ogres (D:11)
  A boulder beetle (D:7)
  Pikel (D:8)
  2 ugly things
  A manticore (D:11)
  Joseph (D:8)
  A gargoyle (D:11)
  5 unseen horrors
  3 rime drakes (Lair:1)
  Psyche (D:8)
  2 komodo dragons (Lair:1)
  A hornet (D:7)
  5 blink frogs (Lair:2)
  Grinder (D:3)
  2 trolls
  2 shadows
  2 vampires
  5 yaks
  A wyvern (D:9)
  A steam dragon (D:6)
  Menkaure (D:4)
  3 water moccasins
  An orc warrior (D:9)
  4 black bears
  3 sky beasts
  4 ogres
  6 wolves
  2 centaurs
  A phantom (D:6)
  3 kobold brigands
  2 lemures (D:8)
  6 bullfrogs
  A scorpion (D:6)
  8 killer bees
  An electric eel (Lair:1)
  A howler monkey (D:11)
  2 jellies
  3 hounds
  3 orc priests
  A gnoll bouda (D:8)
  4 sleepcaps
  Jessica (D:2)
  An iguana (D:5)
  4 orc wizards
  13 gnolls
  13 adders
  3 river rats (Sewer)
  A shadow imp (D:6)
  A white imp (D:8)
  An ufetubus (D:5)
  2 adder zombies (D:3)
  3 adder skeletons (D:3)
  A worm (D:2)
  2 dart slugs
  11 orcs
  8 ball pythons
  7 endoplasms
  A giant cockroach (D:2)
  4 hobgoblins
  11 jackals
  3 quokkas
  3 ball python skeletons (D:3)
  A bat (D:3)
  6 frilled lizards
  11 goblins
  27 kobolds
  A quokka zombie (D:3)
  13 rats
254 creatures vanquished.

Notes
Turn   | Place    | Note
-------+----------+-------------------------------------------
     0 | D:1      | qw the Gargoyle Hexslinger began the quest for the Orb.
     0 | D:1      | Reached XP level 1. HP: 12/12 MP: 2/2
     0 | D:1      | 0 ||| qw: Version: 0.3-a-52-g30416fa
     0 | D:1      | 0 ||| qw: Game counter: 6294
     0 | D:1      | 0 ||| qw: Melee chars always use a shield: true
     0 | D:1      | 0 ||| qw: God list: Okawaru
     0 | D:1      | 0 ||| qw: Allow faded altars: false
     0 | D:1      | 0 ||| qw: Do Orc after clearing Dungeon:15 true
     0 | D:1      | 0 ||| qw: Do second Lair branch before Depths: true
     0 | D:1      | 0 ||| qw: Lair rune preference: random
     0 | D:1      | 0 ||| qw: Goals: Normal
     0 | D:1      | 0 ||| PLANNING D:1-11
   115 | D:1      | Found a faded altar of an unknown god.
   184 | D:1      | Reached XP level 2. HP: 16/16 MP: 3/3
   261 | D:1      | Reached skill level 3 in Ranged Weapons
   331 | D:1      | 331 ||| FLEEEEING.
   332 | D:1      | 332 ||| FLEEEEING.
   335 | D:1      | 335 ||| FLEEEEING.
   336 | D:1      | 336 ||| FLEEEEING.
   337 | D:1      | 337 ||| FLEEEEING.
   338 | D:1      | 338 ||| FLEEEEING.
   339 | D:1      | 339 ||| FLEEEEING.
   340 | D:1      | 340 ||| FLEEEEING.
   341 | D:1      | 341 ||| FLEEEEING.
   346 | D:1      | 346 ||| FLEEEEING.
   347 | D:1      | 347 ||| FLEEEEING.
   349 | D:1      | 349 ||| FLEEEEING.
   385 | D:1      | Reached XP level 3. HP: 21/21 MP: 4/4
   619 | D:1      | 619 ||| UPGRADING to quicksilver dragon scales.
   629 | D:1      | 629 ||| DROPPING +0 robe.
   630 | D:1      | 630 ||| DROPPING scroll of poison.
   651 | D:2      | Identified the +7 sling "Wauburih" {elec, rC++}
   653 | D:2      | 653 ||| SWAPPING to +7 sling "Wauburih" {elec, rC++}.
   654 | D:2      | 654 ||| DROPPING +1 sling.
   770 | D:2      | Noticed Jessica
   772 | D:2      | Killed Jessica
   773 | D:2      | Reached XP level 4. HP: 26/26 MP: 5/5
  1094 | D:2      | 1094 ||| READING scroll labelled OZAJIUNASY.
  1098 | D:2      | 1098 ||| READING scroll labelled CUROS WEVA.
  1199 | D:2      | 1199 ||| DRINKING 2 smoky brown potions.
  1200 | D:2      | 1200 ||| DROPPING potion of magic.
  1207 | D:3      | 1207 ||| PLANNING SEWER
  1441 | D:3      | Noticed Grinder
  1447 | D:3      | Reached skill level 4 in Ranged Weapons
  1451 | D:3      | Paralysed by Grinder for 5 turns
  1454 | D:3      | HP: 6/26 [Grinder (5)]
  1456 | D:3      | HP: 1/26 [Grinder/nerve-wracking pain (6)]
  1457 | D:3      | Killed Grinder
  1458 | D:3      | Reached skill level 5 in Ranged Weapons
  1458 | D:3      | Reached XP level 5. HP: 2/30 MP: 6/6
  1458 | D:3      | Reached XP level 6. HP: 2/35 MP: 7/7
  1638 | D:3      | Found a glowing drain.
  1639 | D:3      | 1639 ||| READING 2 scrolls labelled NIHIZA QOACW.
  1640 | D:3      | 1640 ||| READING scroll labelled JEUXKIU HEOSECH.
  1652 | Sewer    | Entered a sewer
  1687 | Sewer    | 1687 ||| Stepping ~*~*~tactically~*~*~ (water).
  1751 | Sewer    | Reached skill level 3 in Fighting
  1875 | Sewer    | Reached skill level 6 in Ranged Weapons
  2139 | Sewer    | 2139 ||| READING scroll labelled DOATEI VAEQUI.
  2140 | Sewer    | 2140 ||| READING scroll labelled HARHUAF YVEST.
  2168 | D:3      | 2168 ||| PLANNING D:1-11
  2169 | D:3      | 2169 ||| Stepping ~*~*~tactically~*~*~ (water).
  2638 | D:4      | Reached XP level 7. HP: 41/41 MP: 8/8
  2995 | D:4      | Found a transporter.
  3003 | D:4      | Found a transporter.
  3003 | D:4      | Found a broken altar of Ashenzari.
  3014 | D:4      | Noticed Menkaure
  3019 | D:4      | Killed Menkaure
  3020 | D:4      | Reached skill level 7 in Ranged Weapons
  3048 | D:4      | HP: 10/44 [killer bee (7)]
  3049 | D:4      | 3049 ||| READING 5 scrolls of teleportation.
  3051 | D:4      | Reached XP level 8. HP: 11/48 MP: 9/9
  3693 | D:4      | Noticed a moth of wrath
  3694 | D:4      | 3694 ||| READING 2 scrolls labelled ZIZUL HUOTAEC.
  3695 | D:4      | 3695 ||| READING scroll labelled LIDDALUHOU.
  3696 | D:4      | 3696 ||| READING scroll labelled MUBULO VEADYPU.
  3697 | D:4      | 3697 ||| READING 3 scrolls of identify.
  3697 | D:4      | 3697 ||| IDENTIFYING orange potion
  3698 | D:4      | 3698 ||| READING 2 scrolls of identify.
  3698 | D:4      | 3698 ||| IDENTIFYING viscous puce potion
  3699 | D:4      | 3699 ||| DROPPING scroll of immolation.
  3759 | D:5      | Entered Level 5 of the Dungeon
  3779 | D:5      | Found an opulent altar of Gozag.
  3813 | D:5      | Reached skill level 8 in Ranged Weapons
  3917 | D:5      | Reached skill level 3 in Armour
  4152 | D:5      | Found a burning altar of Makhleb.
  4399 | D:5      | 4399 ||| DRINKING 2 murky white potions.
  4399 | D:5      | Gained mutation: You do not regenerate when monsters are
                  | visible. [potion of mutation]
  4399 | D:5      | Gained mutation: You have supernaturally acute eyesight.
                  | (SInv) [potion of mutation]
  4399 | D:5      | Gained mutation: Your spells are a little easier to cast,
                  | but a little less powerful. [potion of mutation]
  4399 | D:5      | Gained mutation: Your muscles are strong. (Str +4, Int/Dex
                  | -1) [potion of mutation]
  4400 | D:5      | 4400 ||| DRINKING potion of mutation.
  4400 | D:5      | Lost mutation: Your muscles are strong. (Str +4, Int/Dex
                  | -1) [potion of mutation]
  4400 | D:5      | Lost mutation: You do not regenerate when monsters are
                  | visible. [potion of mutation]
  4400 | D:5      | Gained mutation: You are weak. (Str -2) [potion of
                  | mutation]
  4400 | D:5      | Gained mutation: You are strong-willed. (Will+) [potion of
                  | mutation]
  4401 | D:5      | 4401 ||| READING 2 scrolls of identify.
  4401 | D:5      | 4401 ||| IDENTIFYING sapphire potion
  4500 | D:6      | 4500 ||| Stepping ~*~*~tactically~*~*~ (outnumbered).
  4501 | D:6      | 4501 ||| Stepping ~*~*~tactically~*~*~ (outnumbered).
  4509 | D:6      | Reached skill level 9 in Ranged Weapons
  4513 | D:6      | Found an iron altar of Okawaru.
  4514 | D:6      | 4514 ||| PLANNING OKAWARU WORSHIP
  4521 | D:6      | Became a worshipper of Warmaster Okawaru
  4522 | D:6      | 4522 ||| PLANNING D:1-11
  4559 | D:6      | 4559 ||| Stepping ~*~*~tactically~*~*~ (outnumbered).
  4577 | D:6      | Reached skill level 6 in Fighting
  4700 | D:6      | Reached XP level 9. HP: 22/55 MP: 10/10
  4877 | D:6      | Found a staircase to the Ecumenical Temple.
  4902 | D:6      | Reached * piety under Okawaru
  4982 | D:6      | 4982 ||| UPGRADING to +0 pair of gloves.
  5009 | D:6      | Reached skill level 1 in Invocations
  5027 | D:6      | 5027 ||| INVOKING Heroism.
  5384 | D:6      | 5384 ||| UPGRADING to ring of fire.
  5445 | D:5      | 5445 ||| READING 2 scrolls of identify.
  5445 | D:5      | 5445 ||| IDENTIFYING glowing green potion
  5446 | D:5      | 5446 ||| DROPPING potion of berserk rage.
  5494 | D:6      | Identified the ring "Uvubuog" {Will+ Int+4 Dex-3}
  5602 | D:6      | 5602 ||| DROPPING ring "Uvubuog" {Will+ Int+4 Dex-3}.
  5623 | D:7      | Reached skill level 10 in Ranged Weapons
  5694 | D:7      | 5694 ||| INVOKING Heroism.
  5874 | D:7      | Found a flagged portal.
  5876 | D:7      | Noticed a boulder beetle
  5877 | D:7      | 5877 ||| INVOKING Heroism.
  5904 | D:7      | 5904 ||| INVOKING Heroism.
  5906 | D:7      | Killed a boulder beetle
  5965 | D:7      | Reached ** piety under Okawaru
  5966 | D:7      | Reached skill level 3 in Invocations
  5966 | D:7      | Reached XP level 10. HP: 65/65 MP: 12/12
  6133 | D:7      | Found a white marble altar of Elyvilon.
  6218 | D:7      | 6218 ||| DRINKING 2 sedimented emerald potions.
  6249 | D:7      | 6249 ||| DROPPING potion of lignification.
  6266 | D:8      | Noticed Psyche
  6267 | D:8      | 6267 ||| INVOKING Heroism.
  6274 | D:8      | Killed Psyche
  6353 | D:8      | 6353 ||| INVOKING Heroism.
  6357 | D:8      | Noticed Pikel
  6365 | D:8      | Killed Pikel
  6366 | D:8      | Reached skill level 11 in Ranged Weapons
  6369 | D:8      | 6369 ||| INVOKING Heroism.
  6374 | D:8      | 6374 ||| Stepping ~*~*~tactically~*~*~ (outnumbered).
  6375 | D:8      | 6375 ||| Stepping ~*~*~tactically~*~*~ (outnumbered).
  6376 | D:8      | 6376 ||| Stepping ~*~*~tactically~*~*~ (outnumbered).
  6377 | D:8      | 6377 ||| Stepping ~*~*~tactically~*~*~ (outnumbered).
  6378 | D:8      | 6378 ||| Stepping ~*~*~tactically~*~*~ (outnumbered).
  6383 | D:8      | 6383 ||| Stepping ~*~*~tactically~*~*~ (outnumbered).
  6438 | D:8      | 6438 ||| SWAPPING to +0 orcbow.
  6439 | D:8      | 6439 ||| REMOVING ring of fire.
  6441 | D:8      | 6441 ||| DROPPING +7 sling "Wauburih" {elec, rC++}.
  6592 | D:8      | Noticed Joseph
  6601 | D:8      | 6601 ||| INVOKING Heroism.
  6618 | D:8      | Killed Joseph
  6790 | D:8      | 6790 ||| INVOKING Heroism.
  6869 | D:8      | 6869 ||| READING scroll labelled PIWAWE QADUITZ.
  6974 | D:9      | Found the +10 tower shield of Ignorance {rN+ Int-4}
  6979 | D:9      | Found a runed translucent door.
  6982 | D:9      | Noticed a green ugly thing
  6998 | D:9      | Killed a green ugly thing
  6998 | D:9      | Reached *** piety under Okawaru
  6999 | D:9      | Reached skill level 12 in Ranged Weapons
  7001 | D:9      | 7001 ||| INVOKING Heroism.
  7014 | D:9      | HP: 14/65 [yak (10)]
  7015 | D:9      | 7015 ||| READING 4 scrolls of teleportation.
  7015 | D:9      | HP: 6/65 [yak (9)]
  7016 | D:9      | 7016 ||| DRINKING 2 potions of heal wounds.
  7019 | D:9      | 7019 ||| DRINKING potion of heal wounds.
  7152 | D:9      | 7152 ||| INVOKING Heroism.
  7165 | D:9      | Reached skill level 3 in Dodging
  7209 | D:9      | 7209 ||| INVOKING Heroism.
  7308 | D:9      | Found a large runed translucent door.
  7308 | D:9      | Found a large runed translucent door.
  7322 | D:9      | Found a stormy altar of Qazlal.
  7457 | D:9      | Noticed an unseen horror
  7468 | D:9      | Killed an unseen horror
  7469 | D:9      | Reached XP level 11. HP: 54/69 MP: 14/14
  7621 | D:9      | Found a runed translucent door.
  7624 | D:9      | Noticed an orange crystal statue
  7653 | D:9      | 7653 ||| INVOKING Heroism.
  7659 | D:9      | HP: 17/69 [yak (1)]
  7660 | D:9      | 7660 ||| READING 3 scrolls of teleportation.
  7718 | D:9      | 7718 ||| FLEEEEING.
  7719 | D:9      | 7719 ||| FLEEEEING.
  7720 | D:9      | 7720 ||| FLEEEEING.
  7721 | D:9      | 7721 ||| FLEEEEING.
  7722 | D:9      | 7722 ||| FLEEEEING.
  7723 | D:9      | 7723 ||| FLEEEEING.
  7724 | D:9      | 7724 ||| FLEEEEING.
  7725 | D:9      | 7725 ||| FLEEEEING.
  7729 | D:9      | 7729 ||| FLEEEEING.
  7730 | D:9      | 7730 ||| FLEEEEING.
  7731 | D:9      | 7731 ||| FLEEEEING.
  7732 | D:9      | 7732 ||| FLEEEEING.
  7733 | D:9      | 7733 ||| FLEEEEING.
  7734 | D:9      | 7734 ||| FLEEEEING.
  7735 | D:9      | 7735 ||| FLEEEEING.
  7739 | D:9      | 7739 ||| STAIRDANCE
  7838 | D:8      | 7838 ||| UPGRADING to amulet of faith.
  7843 | D:8      | 7843 ||| UPGRADING to ring of protection from fire.
  7844 | D:8      | 7844 ||| READING scroll labelled GINABLEMEAM.
  7845 | D:8      | 7845 ||| READING scroll labelled ECWOTR FUKIA.
  7846 | D:8      | 7846 ||| READING scroll labelled VUPUHE TEOMILL.
  7893 | D:8      | 7893 ||| READING 2 scrolls of identify.
  7893 | D:8      | 7893 ||| IDENTIFYING ruby potion
  7903 | D:9      | Reached skill level 13 in Ranged Weapons
  7911 | D:9      | 7911 ||| STAIRDANCE
  8110 | D:10     | Entered Level 10 of the Dungeon
  8245 | D:10     | Identified the +1 dagger of Tartarus {venom, Fragile rPois
                  | rN++ rCorr}
  8298 | D:10     | 8298 ||| INVOKING Heroism.
  8308 | D:10     | Reached skill level 9 in Fighting
  8525 | D:10     | 8525 ||| INVOKING Heroism.
  8535 | D:10     | Reached **** piety under Okawaru
  8793 | D:10     | 8793 ||| READING 5 scrolls of identify.
  8793 | D:10     | 8793 ||| IDENTIFYING blue potion
  8839 | D:11     | Reached skill level 6 in Armour
  8879 | D:11     | Noticed a brown ugly thing
  8891 | D:11     | 8891 ||| INVOKING Heroism.
  8896 | D:11     | Killed a brown ugly thing
  8896 | D:11     | Received a gift from Okawaru
  9023 | D:11     | Found a staircase to the Lair.
  9178 | D:11     | Noticed a cyclops
  9180 | D:11     | Found a transporter.
  9182 | D:11     | Noticed a two-headed ogre
  9183 | D:11     | 9183 ||| INVOKING Heroism.
  9194 | D:11     | Killed a two-headed ogre
  9216 | D:11     | Found a transporter.
  9219 | D:11     | Noticed qw's ghost (journeyman MiHs)
  9312 | D:11     | 9312 ||| INVOKING Heroism.
  9491 | D:11     | Noticed a centaur warrior
  9493 | D:11     | Noticed a skeletal warrior
  9493 | D:11     | Noticed a jorogumo
  9493 | D:11     | a jorogumo changed into a goliath frog
  9493 | D:11     | Noticed a goliath frog (glowing shapeshifter)
  9494 | D:11     | Identified the +5 long sword "Suqap" {holy, Will+}
  9494 | D:11     | Noticed a deep elf pyromancer
  9494 | D:11     | Noticed a six-headed hydra
  9495 | D:11     | Found a runed translucent door.
  9495 | D:11     | Noticed a manticore
  9496 | D:11     | 9496 ||| INVOKING Heroism.
  9505 | D:11     | Killed a manticore
  9513 | D:11     | Noticed a cyclops
  9564 | D:11     | Noticed a jorogumo
  9564 | D:11     | a jorogumo changed into a great orb of eyes
  9564 | D:11     | Noticed a great orb of eyes (glowing shapeshifter)
  9565 | D:11     | a great orb of eyes changed into an ice dragon
  9565 | D:11     | Noticed an ice dragon (glowing shapeshifter)
  9566 | D:11     | an ice dragon changed into an ettin
  9566 | D:11     | Noticed an ettin (glowing shapeshifter)
  9576 | D:11     | Noticed a boulder beetle
  9576 | D:11     | a boulder beetle changed into an ettin
  9576 | D:11     | Noticed an ettin (glowing shapeshifter)
  9577 | D:11     | an ettin changed into a spark wasp
  9577 | D:11     | Noticed a spark wasp (glowing shapeshifter)
  9605 | D:11     | Noticed a six-headed hydra
  9808 | D:11     | 9808 ||| INVOKING Heroism.
 10060 | D:11     | 10060 ||| PLANNING LAIR
 10062 | D:11     | Noticed a manticore
 10095 | D:11     | Noticed a two-headed ogre
 10096 | D:11     | 10096 ||| INVOKING Heroism.
 10110 | D:11     | Killed a two-headed ogre
 10111 | D:11     | Reached skill level 14 in Ranged Weapons
 10298 | D:11     | a merfolk changed into a skyshark
 10298 | D:11     | Noticed a skyshark (glowing shapeshifter)
 10330 | Lair:1   | Entered Level 1 of the Lair of Beasts
 10411 | Lair:1   | 10411 ||| INVOKING Heroism.
 10528 | Lair:1   | 10528 ||| INVOKING Heroism.
 10601 | Lair:1   | 10601 ||| Stepping ~*~*~tactically~*~*~ (water).
 10602 | Lair:1   | 10602 ||| INVOKING Heroism.
 10640 | Lair:1   | 10640 ||| INVOKING Heroism.
 10773 | Lair:1   | 10773 ||| SWAPPING to +0 triple crossbow.
 10775 | Lair:1   | 10775 ||| DROPPING +0 orcbow.
 10786 | Lair:1   | 10786 ||| INVOKING Heroism.
 10990 | Lair:1   | Reached XP level 12. HP: 77/77 MP: 16/16
 11130 | Lair:1   | 11130 ||| INVOKING Heroism.
 11549 | Lair:1   | 11549 ||| READING 4 scrolls of identify.
 11549 | Lair:1   | 11549 ||| IDENTIFYING fuming green potion
 11579 | Lair:2   | 11579 ||| PLANNING GAUNTLET
 11585 | Lair:2   | 11585 ||| INVOKING Heroism.
 11609 | Lair:2   | 11609 ||| INVOKING Heroism.
 11661 | Lair:2   | 11661 ||| INVOKING Heroism.
 11698 | Lair:2   | Found a gate leading to a gauntlet.
 11703 | Lair:2   | Noticed Harold
 11704 | Lair:2   | 11704 ||| INVOKING Heroism.
 11716 | Lair:2   | 11716 ||| INVOKING Heroism.
 11717 | Lair:2   | Killed Harold
 11719 | Lair:2   | HP: 19/77 [wolf (3)]
 11720 | Lair:2   | 11720 ||| READING 4 scrolls of teleportation.
 11720 | Lair:2   | HP: 6/77 [wolf (5)]
 11721 | Lair:2   | HP: 1/77 [wolf (5)]
 11722 | Lair:2   | Reached skill level 15 in Ranged Weapons
 11722 | Lair:2   | Slain by a wolf

Levels and vault maps discovered:
D:1:      sevenhm_arrival_forest_fort_small_6, layout_basic,
          basic_ecumenical_altar
D:2:      layout_rooms, uniq_jessica
D:3:      layout_basic, cheibrodos_sewer_entry_drain, serial_undead,
          serial_undead_d, serial_undead_e, serial_undead_d, serial_undead_b,
          serial_undead_d, serial_undead_e, serial_undead_f, uniq_grinder
D:4:      layout_basic, gammafunk_temple_overflow_arena, tgw_trog,
          minmay_fountain_box, uniq_menkaure
D:5:      kennysheep_spiral_hall, layout_layer_cave,
          mainiacjoe_overflow_alcove_1, grunt_gozag_statues
D:6:      layout_cave_pods, okawaru_altar_gauntlet_db, temple_hall,
          minmay_misc_feat_alley
D:7:      layout_gridville, kennysheep_mini, enter_bailey_3
D:8:      layout_rooms, uniq_joseph, uniq_psyche, uniq_pikel
D:9:      layout_irregular_city, mainiacjoe_overflow_cross_hatched,
          jmf_multi_god_temple2, chequers_guarded_unrand_ignorance
D:10:     layout_cave_pools
D:11:     layout_gridville, lair_entry_dummy, nzn_ghost_randoct,
          amcnicky_mini_rare_corridor_liquid, minmay_st_funbox
Lair:1:   layout_hall_layers, portal_ice_cave_rime, grunt_megastairs_2,
          serial_bayou_shore_a
Lair:2:   layout_regular_city, swamp_mist_pool, nicolae_snake_entry_squirm,
          gauntlet_entry_generic, grunt_megastairs_1, uniq_harold

Skill      XL: |  1  2  3  4  5  6  7  8  9 10 11 12 |
---------------+-------------------------------------+-----
Ranged Weapons | 3 5 6 7 9 10 12 14 15 | 15.0
Fighting       | 2 3 4 6 8 10 | 10.1
Armour         | 2 3 4 5 6 |  6.1
Dodging        | 2 3 |  3.0
Invocations    | 3 4 5 |  5.8
Spellcasting   | |  1.0
Hexes          | |  2.6

Action                     |  1- 3 |  4- 6 |  7- 9 | 10-12 || total
---------------------------+-------+-------+-------+-------++-------
   Fire: Sling             |    68 |   134 |   251 |    63 ||   516
         Orcbow            |       |       |       |   432 ||   432
         Triple crossbow   |       |       |       |    62 ||    62
 Invoke: Heroism           |       |       |     4 |    28 ||    32
    Use: Scroll            |       |     6 |     8 |    10 ||    24
         Potion            |       |     1 |     2 |     3 ||     6
 Armour: Robe              |     9 |       |       |       ||     9
         Quicksilver drago |       |    33 |    97 |   297 ||   427
  Dodge: Dodged            |     9 |    23 |    85 |   342 ||   459

Table legend:
 A = Non-vault XP
 B = Vault XP
 C = Vault XP percentage of total XP
 D = Non-vault monster count
 E = Vault monster count
 F = Vault count percentage of total count
                 A         B        C        D         E       F
            +---------+---------+-------+---------+---------+-------
      Total |   16895 |    4460 |  20.9 |     189 |      63 |  25.0
            +---------+---------+-------+---------+---------+-------
        D:1 |      36 |       0 |   0.0 |      22 |       0 |   0.0
        D:2 |      54 |      37 |  40.7 |      15 |       1 |   6.2
        D:3 |      44 |     305 |  87.4 |      14 |      12 |  46.2
        D:4 |     538 |     183 |  25.4 |      17 |       1 |   5.6
        D:5 |     364 |     203 |  35.8 |       5 |       4 |  44.4
        D:6 |    1184 |      37 |   3.0 |      24 |       6 |  20.0
        D:7 |    2029 |       8 |   0.4 |      10 |       4 |  28.6
        D:8 |     946 |    1436 |  60.3 |      17 |       3 |  15.0
        D:9 |    2701 |       0 |   0.0 |      14 |       0 |   0.0
       D:10 |    1022 |       0 |   0.0 |      19 |       0 |   0.0
       D:11 |    4804 |       0 |   0.0 |      15 |       0 |   0.0
     Lair:1 |    1727 |    1239 |  41.8 |      11 |       4 |  26.7
     Lair:2 |    1446 |     876 |  37.7 |       6 |       1 |  14.3
      Sewer |       0 |     136 | 100.0 |       0 |      27 | 100.0
            +---------+---------+-------+---------+---------+-------
